 Dungeon Crawl Stone Soup version 0.20-a0-700-gbd4582c (webtiles) character file.

1159 Firecrotchwizard the Skirmisher (level 8, -1/73 HPs)
             Began as a Minotaur Fighter on Feb 21, 2017.
             Slain by SkyDiva's ghost (16 damage)
             ... on level 8 of the Dungeon.
             The game lasted 00:08:27 (3656 turns).

Firecrotchwizard the Skirmisher (Minotaur Fighter)  Turns: 3656, Time: 00:08:27

Health: -1/73      AC: 12    Str: 21    XL:     8   Next: 16%
Magic:  7/7        EV:  9    Int:  5    God:
Gold:   264        SH:  0    Dex: 12    Spells: 7/7 levels left

rFire    . . .     SeeInvis .   C - +2 dire flail (holy)
rCold    + . .     Gourm    .   h - +0 chain mail
rNeg     . . .     Faith    .   (shield currently unavailable)
rPois    +         Spirit   .   (helmet restricted)
rElec    .         Reflect  .   l - scarf {rC+}
rCorr    .         Harm     .   (no gloves)
MR       .....                  q - +1 pair of boots
Stlth    ..........             B - amulet of magic regeneration
Regen    0.3/turn               (no ring)
MPRegen  0.2/turn               c - ring of poison resistance

@: no status effects
A: retaliatory headbutt, horns 2
a: no special abilities


You were on level 8 of the Dungeon.
You were not hungry.

You visited 1 branch of the dungeon, and saw 6 of its levels.

You collected 264 gold pieces.

Inventory:

Hand Weapons
 a - a +0 flail
 C - a +2 dire flail of holy wrath (weapon)
Armour
 b - a +0 scale mail
 e - a +0 pair of boots
 h - a +0 chain mail (worn)
 l - a scarf of cold resistance (worn)
 q - a +1 pair of boots (worn)
Jewellery
 c - a ring of poison resistance (left hand)
 B - an amulet of magic regeneration (around neck)
Wands
 y - a wand of random effects (9/48)
 A - a wand of flame (18/48)
Scrolls
 i - 2 scrolls of remove curse
 j - a scroll of amnesia {unknown}
 m - 3 scrolls of teleportation {unknown}
 n - a scroll of random uselessness {unknown}
 p - a scroll of fear {unknown}
 s - 3 scrolls of identify {unknown}
 v - a scroll of fog {unknown}
 x - a scroll of blinking {unknown}
Potions
 d - a potion of might
 k - a potion of resistance {unknown}
 o - a potion of brilliance {unknown}
 r - 2 potions of haste {unknown}
 t - 3 potions of berserk rage {unknown}
 u - 2 potions of curing {unknown}
 z - a potion of magic {unknown}
Comestibles
 f - 4 bread rations
 g - 3 meat rations
 w - 7 fruits


   Skills:
 * Level 7.5 Fighting
 * Level 6.5 Maces & Flails
 + Level 5.5 Armour
 + Level 3.9 Dodging
   Level 5.2 Shields


You had 7 spell levels left.
You didn't know any spells.

Dungeon Overview and Level Annotations

Branches:
Dungeon (5/15)
 Temple: D:4-7

Altars:
Ru

Annotations:
D:8 SkyDiva's ghost, novice HaFi


Innate Abilities, Weirdness & Mutations

You reflexively headbutt those who attack you in melee.
You have a pair of horns on your head.


Message History

The orc hits you but does no damage. The crimson imp closely misses you.
You furiously retaliate!
You headbutt the crimson imp! SkyDiva's ghost hits you.
* * * LOW HITPOINT WARNING * * *
The orc hits you but does no damage.
You puncture SkyDiva's ghost!
SkyDiva's ghost convulses.
SkyDiva's ghost is moderately damaged.
The hound bites you but does no damage. The orc hits you but does no damage.
The hound bites you but does no damage.
SkyDiva's ghost hits you but does no damage.
The crimson imp barely misses you. You furiously retaliate!
You headbutt the crimson imp. You barely miss SkyDiva's ghost.
SkyDiva's ghost is moderately damaged.
The orc closely misses you. The hound bites you but does no damage.
The crimson imp hits you but does no damage.
SkyDiva's ghost hits you.
* * * LOW HITPOINT WARNING * * *
You are electrocuted!
You die...

#.........#
#.........#
#.........#
#.........##
#.........#
#.........##.
#............
#....oh......
#....@oy.....
#...)5W......
#..............
#............$.
#..............
#....#####.....
#.... ....)
#.... .....


You could see a hound, a killer bee, SkyDiva's ghost, a crimson imp and 2 orcs.

Vanquished Creatures
  Edmund (D:5)
  Duvessa (D:4)
  An ogre (D:5)
  A centaur (D:8)
  Blork the orc (D:5)
  Dowan (D:4)
  A scorpion (D:5)
  4 killer bees (D:8)
  3 hounds
  A bullfrog skeleton (D:5)
  A gnoll shaman (D:4)
  An orc wizard (D:8)
  Ijyb (D:3)
  A worker ant (D:8)
  A hound skeleton (D:4)
  Robin (D:2)
  3 gnolls (D:4)
  5 adders
  A dart slug (D:1)
  3 leopard geckos
  An orc (D:8)
  4 giant cockroaches
  21 goblins
  7 hobgoblins
  17 jackals
  8 kobolds
  A ball python (D:1)
  11 bats
  3 frilled lizards
  9 rats
115 creatures vanquished.

Notes
Turn   | Place    | Note
-------+----------+-------------------------------------------
     0 | D:1      | Firecrotchwizard the Minotaur Fighter began the quest for the Orb.
     0 | D:1      | Reached XP level 1. HP: 19/19 MP: 0/0
   320 | D:1      | Reached XP level 2. HP: 27/27 MP: 1/1
   327 | D:1      | Reached skill level 4 in Fighting
   978 | D:1      | Reached XP level 3. HP: 33/33 MP: 2/2
  1141 | D:2      | Noticed Robin
  1170 | D:2      | Killed Robin
  1176 | D:2      | Reached skill level 1 in Dodging
  1611 | D:2      | You fall through a shaft for 2 floors!
  1611 | D:4      | Noticed Duvessa
  1611 | D:4      | Noticed Dowan
  1633 | D:3      | Reached XP level 4. HP: 31/41 MP: 3/3
  1887 | D:3      | Noticed Ijyb
  1897 | D:3      | Killed Ijyb
  1953 | D:3      | You fall through a shaft for 2 floors!
  1953 | D:5      | Entered Level 5 of the Dungeon
  2000 | D:5      | Reached XP level 5. HP: 47/47 MP: 4/4
  2028 | D:5      | Found a sacrificial altar of Ru.
  2047 | D:5      | Reached skill level 5 in Fighting
  2173 | D:4      | Killed Duvessa
  2173 | D:4      | Reached XP level 6. HP: 50/56 MP: 5/5
  2179 | D:4      | Killed Dowan
  2179 | D:4      | Reached skill level 5 in Maces & Flails
  2868 | D:4      | Reached skill level 6 in Fighting
  3113 | D:4      | Reached XP level 7. HP: 63/63 MP: 6/6
  3358 | D:5      | Noticed Blork the orc
  3363 | D:5      | Killed Blork the orc
  3495 | D:5      | Reached skill level 5 in Shields
  3585 | D:5      | Noticed Edmund
  3596 | D:5      | Killed Edmund
  3596 | D:5      | Reached skill level 5 in Armour
  3632 | D:5      | You fall through a shaft for 3 floors!
  3638 | D:8      | Reached skill level 7 in Fighting
  3644 | D:8      | Noticed SkyDiva's ghost (novice HaFi)
  3647 | D:8      | Reached XP level 8. HP: 50/73 MP: 7/7
  3656 | D:8      | Slain by SkyDiva's ghost

Vault maps used:
D:1:      mrwooster_arrival_statue_3
D:2:      grunt_ministairs_6, minmay_misc_feat_x, uniq_robin
D:3:      kennysheep_goblin_castle, lightli_sewer_entry_pipes
D:4:      uniq_duvessa
D:5:      basic_altar, first_bread, uniq_edmund, uniq_crazy_yiuf_cottage,
          uniq_blork_the_orc
D:8:      serial_shops, nicolae_shop_statue_plus

Skill      XL: |  1  2  3  4  5  6  7 |
---------------+----------------------+-----
Fighting       | 4 5 6 7 |  7.5
Maces & Flails | 3 4 5 6 |  6.5
Shields        | 4 5 |  5.2
Dodging        | 1 2 3 |  3.9
Armour         | 4 5 |  5.5

Action                   |  1- 3 |  4- 6 |  7- 9 || total
-------------------------+-------+-------+-------++-------
Melee: Flail             |    92 |   191 |    44 ||   327
       Headbutt          |    16 |    34 |    17 ||    67
       Dire flail        |       |       |    21 ||    21
  Use: Scroll            |       |     1 |       ||     1
  Eat: Chunk             |     2 |     6 |       ||     8
       Royal jelly       |       |       |     1 ||     1
Armor: Chain mail        |    52 |    90 |    61 ||   203
Dodge: Dodged            |    21 |    38 |    49 ||   108
Block: Shield            |    40 |   114 |    19 ||   173
